 Dungeon Crawl Stone Soup version 0.22.1-2-g9c5b331383 (webtiles) character file.

150 Revguard the Slasher (level 5, -1/39 HPs)
             Began as a Demonspawn Gladiator on Nov 18, 2018.
             Slain by a river rat (4 damage)
             ... in a sewer.
             The game lasted 00:08:07 (2565 turns).

Revguard the Slasher (Demonspawn Gladiator)         Turns: 2565, Time: 00:08:08

Health: -1/39      AC:  4    Str: 16    XL:     5   Next: 10%
Magic:  5/5        EV: 13    Int:  9    God:
Gold:   65         SH:  4    Dex: 14    Spells: 4/4 levels left

rFire    . . .     SeeInvis .   a - +1 long sword
rCold    . . .     Gourm    .   (no shield)
rNeg     . . .     Faith    .   b - +0 leather armour
rPois    .         Spirit   .   c - +0 helmet
rElec    .         Reflect  .   (no cloak)
rCorr    .         Harm     .   (no gloves)
MR       .....                  (no boots)
Stlth    +.........             (no amulet)
HPRegen  0.13/turn              r - ring of flight
MPRegen  0.09/turn              (no ring)

@: very slightly contaminated, invisible, very slow
A: large bone plates 1
a: Evoke Flight


You were in a sewer.
You were very hungry.

You visited 1 branch of the dungeon, and saw 3 of its levels.
You also visited: Sewer.

You collected 65 gold pieces.

Inventory:

Hand Weapons
 a - a +1 long sword (weapon)
Missiles
 d - 3 throwing nets (quivered)
Armour
 b - a +0 leather armour (worn)
 c - a +0 helmet (worn)
 l - a -2 ring mail
Jewellery
 r - a ring of flight (left hand)
Scrolls
 e - 2 scrolls of fear {unknown}
 h - a scroll of magic mapping {unknown}
 j - a scroll of enchant armour {unknown}
 m - 2 scrolls of teleportation {unknown}
 n - 2 scrolls of random uselessness {unknown}
 o - a scroll of immolation {unknown}
 p - a scroll of identify
 q - a scroll of enchant weapon
Potions
 g - a potion of flight
Comestibles
 f - 7 rations


   Skills:
 + Level 2.4 Fighting
 + Level 4.0 Long Blades
 - Level 1.7 Throwing
 * Level 2.0 Armour
 + Level 3.3 Dodging


You had 4 spell levels left.
You didn't know any spells.
Your spell library was empty.

Dungeon Overview and Level Annotations

Branches:
Dungeon (3/15)

Altars:
Nemelex Xobeh


Innate Abilities, Weirdness & Mutations

You are partially covered in large bone plates. (SH +4)


Message History

You are very lightly contaminated with residual magic.
The rat bites you.
* * * LOW HITPOINT WARNING * * *
There is an empty arch of ancient stone here.
The river rat misses you.
You enter the shallow water.
Moving in this stuff is going to be slow. ...and don't expect to remain undetected.
The rat bites you.
* * * LOW HITPOINT WARNING * * *
The rat twitches its whiskers.
The river rat closely misses you. The river rat bites you.
* * * LOW HITPOINT WARNING * * *
The river rat bites you but does no damage.
The river rat misses you. The river rat bites you.
* * * LOW HITPOINT WARNING * * *
The river rat bites you.
You die...

#######################
###..≈≈≈≈≈≈≈≈≈≈≈≈≈≈≈#...##
#...≈≈≈≈≈≈≈≈.≈≈≈≈≈≈≈≈....#
....≈≈≈≈≈≈#@r≈≈≈≈≈≈≈≈.∩..#
....≈≈≈≈≈≈≈#r≈r≈r≈≈≈..∩..#
....≈≈≈≈≈÷.≈≈≈≈≈≈≈≈≈.....#
....#≈≈≈≈≈≈≈≈≈≈≈≈≈≈≈#...##
... #####################
.


You could see 2 river rats and 2 rats.

Vanquished Creatures
  6 adders (D:2)
  A river rat (Sewer)
  An ooze (D:2)
  3 worms
  A dart slug (D:2)
  5 leopard geckos
  An orc (D:2)
  2 giant cockroaches
  6 hobgoblins
  12 jackals
  A quokka (D:2)
  6 bats (D:1)
  5 frilled lizards
  7 goblins
  4 kobolds
  5 rats
  A bush (D:2)
  A plant (D:2)
68 creatures vanquished.

Notes
Turn   | Place    | Note
-------+----------+-------------------------------------------
     0 | D:1      | Revguard the Demonspawn Gladiator began the quest for the
                  | Orb.
     0 | D:1      | Reached XP level 1. HP: 16/16 MP: 1/1
   124 | D:1      | Gained mutation: You are partially covered in large bone
                  | plates. (SH +4) [demonic ancestry]
   124 | D:1      | Reached XP level 2. HP: 17/22 MP: 2/2
   136 | D:1      | Reached skill level 3 in Long Blades
   460 | D:1      | Reached XP level 3. HP: 27/27 MP: 3/3
   544 | D:1      | Reached skill level 1 in Armour
   986 | D:2      | Reached XP level 4. HP: 28/33 MP: 4/4
  1210 | D:2      | Found a sparkling altar of Nemelex Xobeh.
  2053 | D:3      | Found a glowing drain.
  2070 | D:3      | Reached XP level 5. HP: 19/39 MP: 5/5
  2154 | Sewer    | Entered a sewer
  2290 | Sewer    | Reached skill level 4 in Long Blades
  2565 | Sewer    | Slain by a river rat

Skill      XL: |  1  2  3  4  5 |
---------------+----------------+-----
Long Blades    | 3 4 |  4.0
Dodging        | 3 |  3.3
Armour         | 1 2 |  2.0
Fighting       | |  2.4
Throwing       | |  1.7

Action                   |  1- 3 |  4- 6 || total
-------------------------+-------+-------++-------
Melee: Long sword        |    77 |   243 ||   320
  Use: Scroll            |     7 |       ||     7
       Potion            |       |     3 ||     3
  Eat: Chunk             |       |     5 ||     5
Armor: Leather armour    |    46 |    38 ||    84
Dodge: Dodged            |    88 |   129 ||   217
Block: Other             |    16 |    25 ||    41
       Rpst.: Long sword |    38 |    44 ||    82
